 Dungeon Crawl Stone Soup version 0.20-a0-823-gdec668e (webtiles) character file.

6214 blastoid the Grappler (level 10, -3/96 HPs)
             Began as a Troll Berserker on Mar 5, 2017.
             Was an Elder of Trog.
             Slain by a porcupine (6 damage)
             ... on level 9 of the Dungeon.
             The game lasted 00:50:58 (7512 turns).

blastoid the Grappler (Troll Berserker)             Turns: 7512, Time: 00:50:58

Health: -3/96      AC: 12    Str: 28    XL:     10   Next: 61%
Magic:  9/9        EV:  1    Int:  3    God:    Trog [****..]
Gold:   342        SH:  0    Dex: 11    Spells: 9/9 levels left

rFire    + . .     SeeInvis .     - Unarmed
rCold    . . .     Gourm    +   p - +1 robe {rF+}
rNeg     + + +     Faith    .   (no shield)
rPois    ∞         Spirit   .   (helmet restricted)
rElec    .         Reflect  .   m - +2 cloak
rCorr    .         Harm     +   (gloves unavailable)
MR       .....                  (boots unavailable)
Stlth    ++........             E - amulet of harm
Regen    0.7/turn               H - ring of poison resistance
MPRegen  0.2/turn               y - +3 ring of protection

@: petrified
A: unfitting armour, claws 3, fast metabolism 3, gourmand, regeneration 1,
shaggy fur 1, tough skin 2
a: Berserk, Trog's Hand, Brothers in Arms, Burn Spellbooks, Renounce Religion


You were on level 9 of the Dungeon.
You worshipped Trog.
Trog was greatly pleased with you.
You were full.

You visited 1 branch of the dungeon, and saw 9 of its levels.

You collected 463 gold pieces.
You spent 121 gold pieces at shops.

Inventory:

Missiles
 B - 5 javelins (quivered)
Armour
 m - a +2 cloak (worn)
 p - a +1 robe of fire resistance (worn)
Jewellery
 y - a +3 ring of protection (left claw)
 E - an amulet of harm (around neck)
 H - a ring of poison resistance (right claw)
 I - an uncursed amulet of the gourmand
Wands
 t - a wand of paralysis (9/24)
 v - a wand of confusion (13/48)
 z - a wand of iceblast (6/15)
 D - a wand of lightning (6/15)
 F - a wand of random effects (35/48)
 G - a wand of polymorph (8/24)
 J - a wand of lightning (6/15)
Scrolls
 c - 2 scrolls of amnesia
 e - 4 scrolls of teleportation
 i - 3 scrolls of immolation
 n - 3 scrolls of remove curse
 s - 2 scrolls of magic mapping
 w - a scroll of enchant weapon
 A - a scroll of silence
Potions
 a - 2 potions of brilliance
 d - a potion of invisibility
 g - a potion of berserk rage
 h - 5 potions of lignification
 q - a potion of might
 r - a potion of magic
 u - 2 potions of curing
 x - 2 potions of agility
 C - a potion of heal wounds
Books
 k - a book of Minor Magic

   Spells                             Type                      Level
   a - Magic Dart                     Conjuration                  1
   b - Blink                          Translocation                2
   c - Call Imp                       Summoning                    2
   d - Slow                           Hexes                        2
   e - Conjure Flame                  Conjuration/Fire             3
   f - Mephitic Cloud                 Conjuration/Poison/Air       3
   Trog disapproves of the use of such an item.
 l - a book of Maledictions

   Spells                             Type                      Level
   a - Corona                         Hexes                        1
   b - Ensorcelled Hibernation        Hexes/Ice                    2
   c - Confuse                        Hexes                        3
   d - Tukima's Dance                 Hexes                        3
   e - Dazzling Spray                 Conjuration/Hexes            3
   Trog disapproves of the use of such an item.
Comestibles
 b - 7 bread rations
 f - 3 royal jellies
 j - 7 meat rations
 o - 10 fruits


   Skills:
 + Level 5.0 Fighting
 + Level 7.3 Dodging
 + Level 2.5 Stealth
 + Level 12.2 Unarmed Combat


You had 9 spell levels left.
You didn't know any spells.

Dungeon Overview and Level Annotations

Branches:
Dungeon (9/15)             Temple (0/1) D:5
   Lair: D:8-11         Orc: D:9-12

Altars:
Ashenzari
Dithmenos
Elyvilon
Gozag
Hepliaklqana
Makhleb
Qazlal
Ru
Sif Muna
Trog
Vehumet
Xom
Yredelemnul
Zin
The Shining One

Shops:
D:8 !


Innate Abilities, Weirdness & Mutations

You are too large for most types of armour.
You have claws for hands.
Your metabolism is lightning-fast.
You like to eat raw meat.
Your natural rate of healing is unusually fast.
You are covered in fur. (AC +1)
You have very tough skin. (AC +2)


Message History

The porcupine bites you but does no damage.
The porcupine barely misses you.
Your limbs are stiffening.
Items here: )) [ †††† The porcupine bites you.
* * * LOW HITPOINT WARNING * * *
You have turned to stone.
You feel less exhausted. The porcupine bites you.
* * * LOW HITPOINT WARNING * * *
The porcupine bites you but does no damage.
The basilisk hisses menacingly.
The porcupine bites you.
* * * LOW HITPOINT WARNING * * *
The porcupine bites you!
* * * LOW HITPOINT WARNING * * *
The porcupine bites you!
* * * LOW HITPOINT WARNING * * *
The porcupine bites you. The porcupine bites you!
You die...

## ##.. ############
#.... #..........#
##..PPP
#..........###.P.....
#..........##.....P..
#..........##†...$...
#.).......@rl†..P.♣
#..........###.....P.
#..........# .♣....P
####<.........# ..
...P #.....))#######
.!. ...
#>#####.####### ....
.$ . #....).....#
.#... . #..)†<.....#
....PP #..........#


You could see a basilisk and a porcupine.

Vanquished Creatures
  The ghost of nikopol the Spear-Bearer, a novice MiBe of Trog (D:7)
  The ghost of nikopol the Spear-Bearer, a novice MiBe of Trog (D:8)
  4 yaks (D:9)
  A wyvern (D:7)
  3 basilisks (D:9)
  2 hungry ghosts (D:7)
  Edmund (D:5)
  4 porcupines (D:9)
  An orc warrior (D:6)
  An ice beast (D:6)
  A sky beast (D:5)
  4 black bears
  5 ogres
  A wolf (D:9)
  5 scorpions
  7 wights (D:9)
  3 electric eels (D:8)
  3 howler monkeys
  A jelly (D:6)
  A crimson imp (D:8)
  3 hounds
  A centaur skeleton (D:6)
  A gnoll shaman (D:5)
  3 orc priests
  2 iguanas (D:6)
  11 orc wizards
  6 worker ants
  4 gnolls (D:5)
  9 adders
  A shadow imp (D:5)
  An ooze (D:6)
  An adder skeleton (D:6)
  5 worms
  5 dart slugs
  4 leopard geckos
  33 orcs
  9 bats
  6 giant cockroaches
  5 goblins
  7 hobgoblins
  3 jackals (D:8)
  5 quokkas
  2 ball pythons
  2 frilled lizards (D:1)
  6 kobolds
  A leopard gecko skeleton (D:4)
  9 rats
  5 plants (D:8)
200 creatures vanquished.

Vanquished Creatures (collateral kills)
  A centaur (D:7)
  A scorpion (D:7)
2 creatures vanquished.

Grand Total: 202 creatures vanquished

Notes
Turn   | Place    | Note
-------+----------+-------------------------------------------
     0 | D:1      | blastoid the Troll Berserker began the quest for the Orb.
     0 | D:1      | Reached XP level 1. HP: 22/22 MP: 0/0
   201 | D:1      | Reached XP level 2. HP: 29/29 MP: 1/1
   793 | D:2      | Reached XP level 3. HP: 29/36 MP: 2/2
  1363 | D:2      | Reached XP level 4. HP: 44/45 MP: 3/3
  1426 | D:2      | Found a shimmering altar of Xom.
  1698 | D:3      | Reached skill level 4 in Unarmed Combat
  1841 | D:3      | Reached ** piety under Trog
  2061 | D:3      | Noticed a moth of wrath
  2064 | D:3      | Found a bloodstained altar of Trog.
  2246 | D:3      | Found a hazy altar of Hepliaklqana.
  2250 | D:3      | Found a glowing silver altar of Zin.
  2252 | D:3      | Found a burning altar of Makhleb.
  2260 | D:3      | Found a sacrificial altar of Ru.
  2260 | D:3      | Found a radiant altar of Vehumet.
  2260 | D:3      | Found a deep blue altar of Sif Muna.
  2265 | D:3      | Found a shimmering altar of Xom.
  2300 | D:3      | Reached XP level 5. HP: 53/53 MP: 4/4
  2489 | D:4      | Reached skill level 5 in Unarmed Combat
  2573 | D:4      | Reached XP level 6. HP: 24/61 MP: 5/5
  2793 | D:4      | Reached skill level 6 in Unarmed Combat
  2806 | D:4      | Reached *** piety under Trog
  2806 | D:4      | Reached XP level 7. HP: 67/67 MP: 6/6
  2862 | D:4      | Found a stormy altar of Qazlal.
  3130 | D:4      | Found a faded altar of an unknown god.
  3130 | D:4      | Found a faded altar of an unknown god.
  3138 | D:4      | Found an opulent altar of Gozag.
  3145 | D:4      | Found a basalt altar of Yredelemnul.
  3147 | D:4      | Found a shadowy altar of Dithmenos.
  3235 | D:4      | Found a white marble altar of Elyvilon.
  3307 | D:5      | Entered Level 5 of the Dungeon
  3363 | D:5      | Noticed Edmund
  3373 | D:5      | Killed Edmund
  3492 | D:5      | Found a burning altar of Makhleb.
  3542 | D:5      | Found a staircase to the Ecumenical Temple.
  4160 | D:6      | Reached skill level 7 in Unarmed Combat
  4189 | D:6      | Found a glowing golden altar of the Shining One.
  4189 | D:6      | Found a shattered altar of Ashenzari.
  4265 | D:6      | Reached XP level 8. HP: 78/78 MP: 7/7
  4353 | D:6      | Reached skill level 5 in Dodging
  4403 | D:6      | HP: 3/117 [orc warrior/tomahawk (6)]
  4584 | D:6      | Reached skill level 8 in Unarmed Combat
  5116 | D:7      | Reached **** piety under Trog
  5235 | D:7      | Reached skill level 1 in Stealth
  5237 | D:7      | Reached skill level 9 in Unarmed Combat
  5428 | D:7      | Reached XP level 9. HP: 83/84 MP: 8/8
  5693 | D:7      | You fall through a shaft!
  6003 | D:7      | Noticed nikopol's ghost (novice MiBe)
  6010 | D:7      | Killed nikopol's ghost
  6010 | D:7      | Reached skill level 10 in Unarmed Combat
  6145 | D:8      | Found Xuggyir's Distillery.
  6154 | D:8      | Bought a potion of heal wounds for 55 gold pieces
  6154 | D:8      | Bought 2 potions of curing for 66 gold pieces
  6518 | D:8      | Noticed nikopol's ghost (novice MiBe)
  6533 | D:8      | Killed nikopol's ghost
  6533 | D:8      | Reached skill level 11 in Unarmed Combat
  6533 | D:8      | Reached XP level 10. HP: 94/94 MP: 9/9
  7461 | D:9      | Reached skill level 12 in Unarmed Combat
  7504 | D:9      | Reached skill level 5 in Fighting
  7511 | D:9      | HP: 2/96 [porcupine (4)]
  7512 | D:9      | Slain by a porcupine

Vault maps used:
D:1:      minmay_arrival_jagged
D:2:      first_bread, serial_corexii_hall, corexii_hall_statues_x,
          corexii_hall_statues_s, corexii_hall_statues_deadend,
          corexii_hall_statues_t, nrook_mini_backslash,
          kennysheep_decorative_pillar, tgw_xom
D:3:      tgw_trog, minitemple
D:4:      nicolae_overflow_hidden_temple, overflow_temple_1_default,
          chequers_temple_overflow_minitemple, corner_web_ring
D:5:      minmay_temple_entry_statues_fountains, bloody_makhleb, uniq_edmund
D:6:      chequers_temple_overflow_statue_of_worship
D:7:      hangedman_abyss_or_decor_stabs, uniq_menkaure
D:8:      serial_shops, shop, serial_bayou_lagoon_b
D:9:      fedhas_altar_3, minmay_lair_entry_grove, basic_altar, the_bakery

Skill      XL: |  1  2  3  4  5  6  7  8  9 10 |
---------------+-------------------------------+-----
Fighting       | 3 4 5 |  5.0
Dodging        | 3 4 5 6 7 |  7.3
Unarmed Combat | 4 5 6 7 9 11 12 | 12.2
Stealth        | 1 2 |  2.5

Action                   |  1- 3 |  4- 6 |  7- 9 | 10-12 || total
-------------------------+-------+-------+-------+-------++-------
Melee: Unarmed           |    81 |   167 |   272 |    86 ||   606
       Punch             |       |     2 |    10 |     3 ||    15
Invok: Berserk           |       |     1 |     6 |     2 ||     9
       Brothers in Arms  |       |       |     1 |       ||     1
  Use: Potion            |       |     3 |     2 |     4 ||     9
       Scroll            |       |       |    16 |       ||    16
 Stab: Sleeping          |     1 |       |     1 |       ||     2
  Eat: Chunk             |    12 |    17 |    49 |    11 ||    89
Armor: Animal skin       |    49 |    51 |       |       ||   100
       Skin              |       |    72 |       |       ||    72
       Robe              |       |    21 |    80 |    43 ||   144
Dodge: Dodged            |    55 |    66 |   133 |    61 ||   315
